[Event "Team 45 45 League T43"]
[Site "Internet Chess Club"]
[Date "2009.12.05"]
[Round "6"]
[White "MCJR"]
[Black "slipkid"]
[Result "0-1"]
[WhiteElo "1391"]
[BlackElo "1538"]
[Opening "Queen's bishop game"]
[ECO "D02"]
[Time "13:00:31"]
[TimeControl "2700+45"]

1. d4 Nf6 2. Nf3 d5 3. Bf4 e6 4. e3 Bd6 5. Bg3 O-O 6. Nbd2 c5 7. c3 Nc6 8. Ne5
cxd4 9. cxd4 Bb4 10. Bd3 Nxe5 11. dxe5 Ne4 12. Bxe4 dxe4 13. a3 Bxd2+ 14. Qxd2
Qxd2+ 15. Kxd2 Rd8+ 16. Ke2 Bd7 17. Rhd1 Bb5+ 18. Ke1 Rd3 19. Rxd3 exd3 20. Kd2
Rc8 21. Rc1 Rxc1 22. Kxc1 a5 23. f4 g6 24. Be1 a4 25. Kd2 Kf8 26. Kc3 Ke8 27.
Kb4 Bc6 28. Kc4 Bxg2 29. Kxd3 Kd7 30. Kc3 Kc6 31. Kb4 b5 32. Bc3 Bd5 33. Bd4 h6
34. h4 Bc4 35. Bc3 Kd5 36. Bd2 Ke4 37. Kc3 Kf3 38. Kd4 Kg4 39. Be1 Kf5 40. Bd2
Bd5 41. Kc5 Bc4 42. Kd4 Bf1 43. e4+ Kg4 44. Be1 Kxf4 45. Bd2+ Kg4 46. Be1 h5 47.
Ke3 g5 48. hxg5 h4 49. Kf2 Bc4 50. Kg2 Kf4 51. Bxh4 Kxe5 52. Kf3 Bd3 53. Bg3+
Kd4 54. e5 Kc4 55. Bf4 Kb3 56. Bc1 Kc2 57. Ke3 Kxc1 58. Kxd3 Kxb2 59. Kd4 Kxa3
60. Kc3 b4+ 61. Kc2 Ka2 {White resigns} 0-1

[Event "Team 45 45 League T43"]
[Site "Internet Chess Club"]
[Date "2009.12.04"]
[Round "6"]
[White "JimGaming"]
[Black "Molsen"]
[Result "1-0"]
[WhiteElo "1286"]
[BlackElo "1117"]
[Opening "Giuoco Piano"]
[ECO "C53"]
[Time "14:00:22"]
[TimeControl "2700+45"]

1. e4 e5 2. Bc4 Bc5 3. Nf3 Nc6 4. c3 d6 5. b4 Bb6 6. h3 Nf6 7. d3 O-O 8. O-O a6
9. Bg5 Ba7 10. a4 Bd7 11. Na3 h6 12. Be3 Bxe3 13. fxe3 Nh5 14. Qe1 Ne7 15. Nc2
c6 16. d4 Ng6 17. d5 Qc7 18. Bb3 Rac8 19. Qd2 Ng3 20. Rfc1 Nxe4 21. Qd3 Bf5 22.
Nce1 Ng3 23. Qc4 e4 24. Nd4 c5 25. Nxf5 b5 26. axb5 axb5 27. Qxb5 Nxf5 28. Kf2
Rfe8 29. Ra6 Re5 30. Rc6 Qd8 31. Ra1 Nfe7 32. Rxc8 Qxc8 33. c4 Rf5+ 34. Kg1 Nh4
35. Ra7 Neg6 36. Bd1 Rf6 37. Bg4 Qd8 38. Qb7 Kh7 39. b5 Ne5 40. Ra8 Qxa8 41.
Qxa8 Nxc4 42. Nc2 g5 43. Qa4 Nd2 44. b6 Rf1+ 45. Kh2 Rb1 46. Qa7 Nf1+ 47. Kg1
Nxe3+ 48. Kf2 Nd1+ 49. Bxd1 Rxd1 50. Qxf7+ Kh8 51. Qf6+ Kh7 52. Qe7+ Kg6 53.
Qxe4+ Kh5 54. Qe2+ g4 55. hxg4+ {Black resigns} 1-0

[Event "Team 45 45 League T43"]
[Site "Internet Chess Club"]
[Date "2009.12.06"]
[Round "6"]
[White "jacknor"]
[Black "BotanicalKnight"]
[Result "1/2-1/2"]
[WhiteElo "1532"]
[BlackElo "1557"]
[Opening "Caro-Kann: exchange variation"]
[ECO "B13"]
[Time "09:05:52"]
[TimeControl "2700+45"]

1. e4 c6 2. d4 d5 3. exd5 cxd5 4. Bd3 Nc6 5. c3 Nf6 6. h3 e6 7. Bf4 Bd6 8. Bxd6
Qxd6 9. Nf3 a6 10. Nbd2 b5 11. a3 O-O 12. O-O Bd7 13. Re1 Rfb8 14. Ne5 Be8 15.
g4 Nd7 16. Nxd7 Bxd7 17. Nf3 a5 18. Ne5 Nxe5 19. Rxe5 f6 20. Re3 b4 21. c4 dxc4
22. Bxc4 bxa3 23. bxa3 Kf8 24. Qe2 Rb6 25. Re1 Re8 26. Qd3 g6 27. h4 Kg7 28. h5
gxh5 29. gxh5 Qf4 30. Rg3+ Kh8 31. Qe3 Qxe3 32. Rexe3 Rg8 33. Rxg8+ Kxg8 34. Rb3
Rxb3 35. Bxb3 Kg7 36. Kg2 Kh6 37. Bd1 Be8 38. Bb3 Bf7 39. Kg3 Kxh5 40. f4 Kg6
41. Bc2+ Kg7 42. Kg4 f5+ 43. Kg5 h6+ 44. Kh4 Kf6 45. Bd1 Kg7 46. Bb3 Kf6 47. Kg3
Kg7 48. Bd1 Kf6 49. Bb3 {Game drawn by mutual agreement} 1/2-1/2

[Event "Team 45 45 League T43"]
[Site "Internet Chess Club"]
[Date "2009.12.07"]
[Round "6"]
[White "The-Capitalist"]
[Black "BishopMike"]
[Result "1-0"]
[WhiteElo "1351"]
[BlackElo "1488"]
[Opening "Sicilian: Labourdonnais-Löwenthal variation"]
[ECO "B32"]
[Time "21:16:55"]
[TimeControl "2700+45"]

1. e4 c5 2. Nf3 Nc6 3. d4 cxd4 4. Nxd4 e5 5. Nb5 Nf6 6. N1c3 Qb6 7. Be3 Nd4 8.
Nxd4 exd4 9. Bxd4 Qxb2 10. Nd5 Bb4+ 11. Ke2 Qa3 12. Nc7+ Kd8 13. Nxa8 Nxe4 14.
Qc1 Qa6+ 15. c4 Re8 16. Be3 d5 17. f3 Nc3+ 18. Kf2 d4 19. Bxd4 Na4 20. Qg5+ f6
21. Qxg7 Bd7 22. Qxf6+ Qxf6 23. Bxf6+ Kc8 24. Bd3 Bc5+ 25. Kg3 Rg8+ 26. Kh4 Bf2+
27. g3 Kb8 28. Rhf1 Bc5 29. Bxh7 Rf8 30. Be5+ Kxa8 31. Rad1 Be7+ 32. Kh5 Nc5 33.
g4 Be8+ 34. Bg6 Bc6 35. f4 Ne6 36. f5 Nc7 37. Bxc7 Rh8+ 38. Bh7 Be8+ 39. Kh6
Bf8+ 40. Kg5 Be7+ 41. f6 Rxh7 42. fxe7 Rg7+ 43. Kf6 Rf7+ 44. Ke6 {Black resigns}
1-0

[Event "Team 45 45 League T43"]
[Site "Internet Chess Club"]
[Date "2009.12.06"]
[Round "6"]
[White "katabatico"]
[Black "KingOfHearts"]
[Result "1-0"]
[WhiteElo "1311"]
[BlackElo "1260"]
[Opening "Ruy Lopez: Möller defense"]
[ECO "C78"]
[Time "14:00:17"]
[TimeControl "2700+45"]

1. e4 e5 2. Nf3 Nc6 3. Bb5 a6 4. Ba4 Nf6 5. O-O Bc5 6. d3 h6 7. Bxc6 dxc6 8.
Nxe5 O-O 9. h3 Qd4 10. Nf3 Qd8 11. Nc3 Re8 12. Re1 Nh5 13. a3 Bd7 14. d4 Be7 15.
Ne5 Nf6 16. Nxd7 Qxd7 17. e5 Nh7 18. Ne4 Rad8 19. c3 b6 20. Qf3 Qe6 21. Ng3 Qg6
22. Re4 Bg5 23. h4 Bxc1 24. Rxc1 Qe6 25. Nf5 g5 26. hxg5 Nxg5 27. Rg4 Kh7 28.
Qd3 Qg6 29. f4 b5 30. fxg5 Rxe5 31. Qh3 Rxf5 32. gxh6 Qxh6 33. Qxh6+ Kxh6 34.
Re1 Kh5 35. Rg3 Kh4 36. Ree3 c5 37. Rh3+ Kg4 38. Reg3+ Kf4 39. Kh2 cxd4 40. Rf3+
Ke4 41. Rh4+ Ke5 42. cxd4+ Rxd4 43. Rxf5+ {Black resigns} 1-0

[Event "Team 45 45 League T43"]
[Site "Internet Chess Club"]
[Date "2009.12.05"]
[Round "6"]
[White "furrbrain"]
[Black "Visin"]
[Result "1-0"]
[WhiteElo "1202"]
[BlackElo "1255"]
[Opening "Scotch: Schmidt variation"]
[ECO "C45"]
[Time "08:00:24"]
[TimeControl "2700+45"]

1. e4 e5 2. Nf3 Nc6 3. d4 exd4 4. Nxd4 Nf6 5. Nxc6 bxc6 6. Nc3 Be7 7. Bc4 O-O 8.
O-O d6 9. h3 Bb7 10. f3 d5 11. e5 dxc4 12. Qxd8 Raxd8 13. exf6 Bxf6 14. Bf4 Bxc3
15. bxc3 Rd7 16. Rab1 Ba6 17. Rb2 Rfd8 18. a4 Rd1 19. Rxd1 Rxd1+ 20. Kh2 Rd7 21.
Rb8+ Bc8 22. Rxc8+ Rd8 23. Rxd8# {Black checkmated} 1-0

[Event "Team 45 45 League T43"]
[Site "Internet Chess Club"]
[Date "2009.12.06"]
[Round "6"]
[White "allanchs"]
[Black "ILRE"]
[Result "0-1"]
[WhiteElo "1478"]
[BlackElo "1581"]
[Opening "Pirc: Austrian attack, 6.Bd3"]
[ECO "B09"]
[Time "11:00:49"]
[TimeControl "2700+45"]

1. e4 d6 2. d4 Nf6 3. Nc3 g6 4. f4 Bg7 5. Nf3 O-O 6. Bd3 Nc6 7. e5 dxe5 8. fxe5
Nd5 9. O-O f6 10. exf6 Nxf6 11. Ne2 Bg4 12. c3 Kh8 13. Bf4 Nd5 14. Bd2 Bxf3 15.
Rxf3 Rxf3 16. gxf3 e5 17. dxe5 Nxe5 18. Be4 c6 19. Nd4 Qd7 20. Qe2 Rf8 21. Rd1
Qh3 22. Qg2 Qc8 23. Qg3 Nc4 24. Bc1 Nce3 25. Re1 Nf5 26. Nxf5 gxf5 27. Bxd5 cxd5
28. Re7 Rg8 29. Bg5 Qc6 30. Kf2 Bf6 31. Bxf6+ Qxf6 32. Qe5 Qxe5 33. Rxe5 Rd8 34.
Rxf5 Kg7 35. f4 h6 36. Ke3 Kg6 37. Re5 Kf6 38. Kd4 Rg8 39. Kd3 Rg2 40. Rxd5 Rxh2
41. Rd7 Rxb2 42. a3 Rb1 43. Kc2 Rb6 44. c4 Kf5 45. Rf7+ Kg4 46. f5 h5 47. f6 Kg5
48. Kd3 Rxf6 49. Rxb7 Rf3+ 50. Ke2 Rxa3 51. Rg7+ Kf4 52. Rh7 Ra5 53. Rh6 Kg4 54.
Rg6+ Kh3 55. Kf3 Ra3+ 56. Kf2 Ra5 57. Rg7 Rf5+ 58. Kg1 a5 59. Rg8 Kh4 60. Rg7
Rg5+ 61. Rxg5 Kxg5 {White resigns} 0-1

[Event "Team 45 45 League T43"]
[Site "Internet Chess Club"]
[Date "2009.12.07"]
[Round "6"]
[White "Helaman"]
[Black "ElmerHo"]
[Result "1/2-1/2"]
[WhiteElo "1466"]
[BlackElo "1494"]
[Opening "Four knights: Scotch, 4...exd4"]
[ECO "C47"]
[Time "17:00:18"]
[TimeControl "2700+45"]

1. e4 e5 2. Nf3 Nc6 3. Nc3 Nf6 4. d4 exd4 5. Nxd4 Bb4 6. Nxc6 bxc6 7. Bd3 d5 8.
exd5 cxd5 9. O-O O-O 10. Bg5 c6 11. Qf3 Be7 12. Rfe1 h6 13. Bd2 Bd6 14. Bf4 Rb8
15. Bxd6 Qxd6 16. b3 Bg4 17. Qg3 Qxg3 18. fxg3 Rfe8 19. Kf2 Bd7 20. h3 Rxe1 21.
Rxe1 Kf8 22. Na4 Re8 23. Rxe8+ Kxe8 24. Nc5 Ke7 25. b4 Be6 26. c3 Nd7 27. Nxd7
Bxd7 28. a4 Kd6 29. Ke3 c5 30. Bc2 cxb4 31. cxb4 Ke5 32. a5 d4+ 33. Kd2 Bc6 34.
Bd3 Bxg2 35. h4 g5 36. hxg5 hxg5 37. b5 Kd6 38. Kc2 Kc5 39. Kb3 Bd5+ 40. Ka4 f6
41. a6 Kb6 42. Kb4 Be6 43. Ka4 f5 44. Kb4 f4 45. gxf4 gxf4 46. Be4 Bg4 47. Bg2
f3 48. Bf1 Be6 49. Bd3 Bh3 50. Kc4 f2 51. Kxd4 f1=Q 52. Bxf1 Bxf1 53. Kd5 Bxb5
54. Kd4 Bxa6 55. Kc3 Ka5 56. Kb3 Bb7 57. Ka3 Bd5 58. Kb2 Kb4 59. Ka1 Ka3 60. Kb1
a5 61. Ka1 a4 62. Kb1 Kb3 63. Ka1 Kc3 64. Kb1 Kd3 65. Kc1 Ba2 66. Kb2 Bb3 67.
Ka3 Kd2 68. Kb2 Bd1 69. Ka2 Kc1 70. Ka1 Be2 71. Ka2 Kc2 72. Ka1 Kb3 73. Kb1 Bc4
74. Ka1 a3 75. Kb1 a2+ 76. Ka1 Kb4 77. Kb2 Bb3 78. Ka1 Kc4 79. Kb2 Kd3 80. Ka1
Kd2 81. Kb2 {Game drawn by mutual agreement} 1/2-1/2

[Event "Team 45 45 League T43"]
[Site "Internet Chess Club"]
[Date "2009.12.03"]
[Round "6"]
[White "kingphisch"]
[Black "BrandonBee"]
[Result "0-1"]
[WhiteElo "1505"]
[BlackElo "1558"]
[Opening "Sicilian: closed"]
[ECO "B23"]
[Time "13:30:26"]
[TimeControl "2700+45"]

1. e4 c5 2. Nc3 e6 3. f4 a6 4. Nf3 Nc6 5. d3 d6 6. Be2 Nf6 7. O-O b5 8. Bd2 Bb7
9. Qe1 Qb6 10. Bd1 Be7 11. Ne2 d5 12. e5 Nd7 13. Ng3 c4+ 14. Kh1 h5 15. h4 Nd4
16. Ng5 g6 17. c3 Nc6 18. d4 a5 19. Bc2 b4 20. Qd1 Nf8 21. Ne2 Nh7 22. g3 Nxg5
23. fxg5 Nxe5 24. Nf4 Ng4 25. Qe1 O-O-O 26. Bd1 Qc7 27. Bxg4 hxg4 28. Ng2 Bd6
29. Bf4 Rde8 30. cxb4 axb4 31. b3 Bxf4 32. gxf4 Qb6 33. Qf2 g3 34. Qe3 c3 35.
Rfc1 Kd7 36. a3 Rc8 37. axb4 Qxb4 38. Qd3 Rc7 39. Kg1 Ra8 40. Rxa8 Bxa8 41. Ne1
Qxb3 42. Rb1 Qa2 43. Qc2 Qxc2 44. Nxc2 Bc6 45. Rc1 Ba4 46. Kg2 Rc4 47. Ne3 Rxd4
48. Rxc3 Rxf4 49. Ng4 Rxg4 50. Rf3 Ke7 51. Rc3 Rc4 52. Rf3 Bc6 53. Kxg3 d4 54.
Rf1 e5 55. Rd1 Rc3+ 56. Kh2 Ke6 {White resigns} 0-1

[Event "Team 45 45 League T43"]
[Site "Internet Chess Club"]
[Date "2009.12.03"]
[Round "6"]
[White "crazyhorses"]
[Black "powerchess1"]
[Result "0-1"]
[WhiteElo "1540"]
[BlackElo "1752"]
[Opening "Sicilian: Hungarian variation"]
[ECO "B27"]
[Time "17:14:06"]
[TimeControl "2700+45"]

1. e4 c5 2. Nf3 g6 3. g3 Bg7 4. Bg2 Nc6 5. O-O d6 6. Re1 Bg4 7. h3 Bxf3 8. Bxf3
Nf6 9. d3 O-O 10. Nd2 Nd7 11. a4 Rb8 12. c3 Nde5 13. Nc4 Nxc4 14. dxc4 Ne5 15.
Be2 Qd7 16. Kh2 f5 17. f4 Nc6 18. exf5 Qxf5 19. Bg4 Qf6 20. Be6+ Kh8 21. h4 Nd8
22. f5 Nxe6 23. Rxe6 Qxf5 24. Rxe7 Qf2+ 25. Kh3 Be5 26. Qg4 Qf1+ 27. Kh2 Rf2#
{White checkmated} 0-1

[Event "Team 45 45 League T43"]
[Site "Internet Chess Club"]
[Date "2009.12.10"]
[Round "6"]
[White "BotanicalKnight"]
[Black "UnderRated"]
[Result "1-0"]
[WhiteElo "1580"]
[BlackElo "1690"]
[Opening "Sicilian: closed, 6.f4"]
[ECO "B25"]
[Time "19:02:21"]
[TimeControl "2700+45"]

1. e4 c5 2. Nc3 Nc6 3. g3 g6 4. Bg2 Bg7 5. d3 d6 6. f4 e6 7. Nf3 Nf6 8. O-O O-O
9. a3 Rb8 10. h3 b5 11. g4 b4 12. axb4 cxb4 13. Ne2 Qb6+ 14. Kh1 Rd8 15. Qe1 Ne8
16. Qg3 f5 17. exf5 exf5 18. g5 Ba6 19. Nh2 Nd4 20. Nxd4 Bxd4 21. Bd5+ Kh8 22.
Nf3 Bb7 23. Nxd4 Qxd4 24. Bxb7 Rxb7 25. Be3 Qxb2 26. Qf2 {Black resigns} 1-0

[Event "Team 45 45 League T43"]
[Site "Internet Chess Club"]
[Date "2009.12.05"]
[Round "6"]
[White "smsxman"]
[Black "ticopatzer"]
[Result "0-1"]
[WhiteElo "1392"]
[BlackElo "1613"]
[Opening "Danish gambit"]
[ECO "C21"]
[Time "14:04:39"]
[TimeControl "2700+45"]

1. e4 e5 2. d4 exd4 3. c3 dxc3 4. Nxc3 Nc6 5. Bc4 Bb4 6. Qd5 Qe7 7. Nf3 Nf6 8.
Qd3 d6 9. O-O O-O 10. Bg5 Bxc3 11. Qxc3 Qxe4 12. Rae1 Qg6 13. Bd3 Bf5 14. Bxf6
Bxd3 15. Bxg7 Bxf1 16. Rxf1 Qxg7 17. Qc2 Rae8 18. Rd1 Re6 19. h3 Rfe8 20. Rd5
Nb4 21. Rg5 Nxc2 22. Rxg7+ Kxg7 {White resigns} 0-1

[Event "Team 45 45 League T43"]
[Site "Internet Chess Club"]
[Date "2009.12.06"]
[Round "6"]
[White "Fogbound"]
[Black "CKNIGHT3"]
[Result "0-1"]
[WhiteElo "1294"]
[BlackElo "1558"]
[Opening "Queen's pawn game"]
[ECO "D02"]
[Time "12:00:23"]
[TimeControl "2700+45"]

1. d4 d5 2. Nf3 c6 3. e3 Nf6 4. Bd3 e6 5. O-O Nbd7 6. b3 Be7 7. Bb2 Qc7 8. Ne5
Bd6 9. f4 c5 10. Nc3 O-O 11. Nb5 Qb8 12. Kh1 cxd4 13. exd4 Be7 14. a4 a6 15. Nc3
Qa7 16. Ne2 Nxe5 17. fxe5 Ne4 18. Ng3 Nxg3+ 19. hxg3 Bd7 20. Bxh7+ Kxh7 21. Qh5+
Kg8 22. Kh2 g6 23. Qh6 Rfe8 24. Rh1 Bf8 25. Qg5 Be7 26. Qh6 Bf8 27. Qg5 Bg7 28.
Raf1 b5 29. Rxf7 Kxf7 30. Rf1+ Kg8 31. Qxg6 Rf8 32. Rf6 Be8 33. Rxf8+ Kxf8 34.
Qxe6 Bf7 35. Qd6+ Qe7 36. Qc6 Qe8 37. Qd6+ Kg8 38. Ba3 Bf8 39. Qf6 Bxa3 40. Qg5+
Kf8 41. Qh6+ Ke7 42. Qf6+ Kd7 43. Qf5+ Qe6 44. Qd3 Bg6 45. Qe2 Be4 46. axb5 Rh8+
47. Kg1 Bb2 48. bxa6 Bxd4+ {White resigns} 0-1

[Event "Team 45 45 League T43"]
[Site "Internet Chess Club"]
[Date "2009.12.06"]
[Round "6"]
[White "cesaralexander"]
[Black "Folgers"]
[Result "1/2-1/2"]
[WhiteElo "1995"]
[BlackElo "1986"]
[Opening "QGD Slav: 4.Nc3"]
[ECO "D15"]
[Time "21:33:57"]
[TimeControl "2700+45"]

1. d4 d5 2. c4 c6 3. Nf3 Nf6 4. Nc3 a6 5. c5 g6 6. Bg5 Bg7 7. e3 Nbd7 8. Bd3 O-O
9. O-O Re8 10. Qc2 Nh5 11. b4 f5 12. a4 Qc7 13. b5 e5 14. b6 Qb8 15. Be2 Bf6 16.
Bxf6 Nhxf6 17. h4 h6 18. Nh2 Nf8 19. Nf3 Ng4 20. dxe5 Nxe5 21. Nd4 Ne6 22. h5
Kg7 23. hxg6 Nxd4 24. exd4 Nxg6 25. Bh5 Qf4 26. Ne2 Qe4 27. Qxe4 fxe4 28. g3 Bf5
29. Kh2 Rf8 30. Bxg6 Bxg6 31. Nf4 Rae8 32. Rae1 Bf5 33. Re3 Bg4 34. Ng2 Bf3 35.
Nh4 Rf6 36. Rfe1 Ref8 37. Kg1 Bg4 38. f4 exf3 39. Re7+ R8f7 40. Kf2 a5 41. Re8
Rf8 42. R1e7+ R6f7 43. Rxf7+ Rxf7 44. Re3 h5 45. Re5 Kh6 46. Re8 Kg7 47. Re3 Kh6
48. Re8 Kg7 49. Rb8 Re7 50. Kf1 Bh3+ 51. Kf2 Bg4 52. Kf1 Bh3+ 53. Kf2 Bg4 {Game
drawn by repetition} 1/2-1/2

[Event "Team 45 45 League T43"]
[Site "Internet Chess Club"]
[Date "2009.12.04"]
[Round "6"]
[White "TerryMalloy"]
[Black "Majamutu"]
[Result "1-0"]
[WhiteElo "2018"]
[BlackElo "1984"]
[Opening "Sicilian: Nimzovich-Rossolimo attack (with ...g6, without ...d6)"]
[ECO "B31"]
[Time "17:08:23"]
[TimeControl "2700+45"]

1. e4 c5 2. Nf3 Nc6 3. Bb5 g6 4. O-O Bg7 5. Re1 e5 6. Bxc6 dxc6 7. d3 Qe7 8.
Nbd2 Nf6 9. Nc4 Nd7 10. a4 Nb6 11. Na5 O-O 12. b3 Nd7 13. Nc4 Rd8 14. Ba3 Nf8
15. Qd2 Bg4 16. Qe3 Bxf3 17. Bxc5 Qd7 18. Bxf8 Rxf8 19. Qxf3 f5 20. Rad1 b5 21.
axb5 cxb5 22. Ne3 fxe4 23. Qxe4 Rad8 24. c4 Qf7 25. f3 Rd4 26. Qc6 bxc4 27. dxc4
Kh8 28. Rxd4 exd4 29. Nd5 d3 30. Rd1 Bd4+ 31. Kf1 Qf5 32. Ne7 Qf4 33. Rxd3 Qc1+
34. Ke2 Qg1 35. Qe4 Qxg2+ 36. Kd1 Bg7 37. Nd5 Qg1+ 38. Qe1 Qxh2 39. c5 Qb2 40.
Qd2 Qb1+ 41. Ke2 Re8+ 42. Re3 Rxe3+ 43. Nxe3 Qxb3 44. c6 Qb8 45. Qd7 Be5 46. Ng4
Qb2+ 47. Kf1 Qc1+ 48. Kg2 Bf4 49. Qe8+ Kg7 50. Qe7+ Kg8 51. Nf6+ Kh8 52. Qxh7#
{Black checkmated} 1-0

[Event "Team 45 45 League T43"]
[Site "Internet Chess Club"]
[Date "2009.12.04"]
[Round "6"]
[White "CaoCao"]
[Black "miazga"]
[Result "0-1"]
[WhiteElo "1942"]
[BlackElo "2012"]
[Opening "Philidor: Improved Hanham variation"]
[ECO "B07"]
[Time "22:10:18"]
[TimeControl "2700+45"]

1. e4 d6 2. d4 Nf6 3. Nc3 e5 4. Nf3 Nbd7 5. Bc4 Be7 6. O-O O-O 7. h3 c6 8. a4
Nxe4 9. Nxe4 d5 10. Bxd5 cxd5 11. Nc3 e4 12. Nh2 Nf6 13. Bg5 h6 14. Be3 Be6 15.
Kh1 Rc8 16. Rg1 Nh7 17. f4 exf3 18. Qxf3 Ng5 19. Qe2 Bb4 20. Bxg5 Qxg5 21. Nf3
Qg3 22. Qd3 Qc7 23. Na2 Bd6 24. c3 Qd7 25. Ne5 Bxe5 26. dxe5 Bf5 27. Qd2 Be4 28.
Kh2 Qf5 29. Nb4 Qxe5+ 30. g3 f5 31. Rad1 Rcd8 32. Nd3 Qe8 33. Nf4 g5 34. Ne2 Bf3
35. Rde1 Qxa4 36. Nd4 Be4 37. Ne6 Qc6 38. Nxd8 Rxd8 39. Ra1 a6 40. Qd4 Qd6 41.
Raf1 Rf8 42. Qe3 Kh7 43. Rd1 Kg6 44. Rgf1 h5 45. h4 gxh4 46. Rf4 hxg3+ 47. Qxg3+
Kh6 48. Rg1 Qf6 49. Rh4 Bf3 50. Rb4 Bg4 51. Rxb7 Re8 52. Re1 Rxe1 53. Qxe1 Qd6+
54. Kg1 Kg5 55. Rg7+ Kh6 56. Rb7 Kg5 57. Rg7+ Kf6 58. Rb7 f4 59. Qf2 Kf5 60. Qd4
f3 61. Rf7+ Kg5 62. Qe3+ Kh4 63. Rf4 Qb8 64. Qf2+ Kg5 65. Rd4 Qe5 66. Qd2+ Kh4
67. Qh2+ Qxh2+ 68. Kxh2 Kg5 69. Rxd5+ Kf4 70. Rd4+ Ke3 71. Kg3 Be6 72. Rf4 Bd5
73. Rf8 a5 74. Rf4 Be4 75. Rh4 f2 76. Rxe4+ Kxe4 77. Kxf2 a4 78. Kg3 Kd3 79. Kh4
Kc4 80. Kxh5 Kb3 81. Kg6 Kxb2 {White resigns} 0-1

[Event "Team 45 45 League T43"]
[Site "Internet Chess Club"]
[Date "2009.12.05"]
[Round "6"]
[White "mickeys"]
[Black "frank001"]
[Result "1/2-1/2"]
[WhiteElo "1881"]
[BlackElo "1839"]
[Opening "QGD semi-Slav: stonewall defense"]
[ECO "D11"]
[Time "21:00:20"]
[TimeControl "2700+45"]

1. d4 d5 2. Nf3 c6 3. c4 e6 4. e3 f5 5. Nc3 Nf6 6. Bd3 Ne4 7. Ne5 Qf6 8. O-O Bd6
9. f4 Nd7 10. Bd2 O-O 11. a3 a6 12. c5 Bc7 13. Bxe4 fxe4 14. Qh5 g6 15. Qg4 Nxe5
16. fxe5 Qg7 17. Rxf8+ Qxf8 18. Rf1 Qg7 19. Ne2 Bd7 20. Nf4 Re8 21. Be1 Bd8 22.
Nh3 Rf8 23. Rxf8+ Qxf8 24. Bh4 Bxh4 25. Qxh4 h6 26. Qf2 Qxf2+ 27. Nxf2 h5 28.
Nh3 Kg7 29. Ng5 Bc8 {Game drawn by mutual agreement} 1/2-1/2

[Event "Team 45 45 League T43"]
[Site "Internet Chess Club"]
[Date "2009.12.05"]
[Round "6"]
[White "BadHabitMarco"]
[Black "Pason"]
[Result "0-1"]
[WhiteElo "1990"]
[BlackElo "2123"]
[Opening "Sicilian: O'Kelly variation"]
[ECO "B28"]
[Time "11:00:22"]
[TimeControl "2700+45"]

1. e4 c5 2. Nf3 a6 3. d4 cxd4 4. Nxd4 Nf6 5. Nc3 e5 6. Nf3 Qc7 7. Be2 Bb4 8. Bd2
Nc6 9. Nd5 Bxd2+ 10. Qxd2 Qd8 11. Nxf6+ Qxf6 12. O-O-O O-O 13. h4 Rd8 14. h5 d6
15. Kb1 Be6 16. g4 Bxg4 17. Nh4 Be6 18. Rdg1 d5 19. Qe3 dxe4 20. Qg3 Kh8 21. Bg4
Rg8 22. Qe3 Rgd8 23. Qg3 Nd4 24. c3 Nf3 25. Bxf3 exf3 26. Nxf3 Bd5 27. Rh3 Be4+
28. Ka1 Rd3 {White resigns} 0-1

[Event "Team 45 45 League T43"]
[Site "Internet Chess Club"]
[Date "2009.12.07"]
[Round "6"]
[White "alastorx"]
[Black "poni"]
[Result "1-0"]
[WhiteElo "2011"]
[BlackElo "1948"]
[Opening "Pirc defense"]
[ECO "B07"]
[Time "11:08:07"]
[TimeControl "2700+45"]

1. d4 d6 2. Nc3 Nf6 3. e4 g6 4. f3 c6 5. Be3 b5 6. Qd2 Nbd7 7. h4 Nb6 8. O-O-O
b4 9. Nb1 a5 10. g4 h5 11. g5 Nfd7 12. e5 Nd5 13. exd6 e6 14. Bf4 a4 15. Be5 Rg8
16. Nh3 Qa5 17. Bd3 c5 18. Be4 Bb7 19. Rhe1 c4 20. Qf2 c3 21. Nf4 cxb2+ 22. Kxb2
Nxe5 23. dxe5 Bg7 24. Bxd5 Bxd5 25. Nxd5 exd5 26. f4 Kd7 27. Qd4 b3 28. Na3 bxc2
29. Kxc2 Rgc8+ 30. Kd3 Rab8 31. Rb1 Qa6+ 32. Ke3 Bf8 33. Rxb8 Rxb8 34. Qxd5 Qb6+
35. Qd4 Qa5 36. Rc1 Rb4 37. Qc5 Qxc5+ 38. Rxc5 Bxd6 39. exd6 Kxd6 40. Rc4 Rb2
41. Rxa4 Rh2 42. Nc4+ Ke6 43. Ne5 Rxh4 44. f5+ {Black resigns} 1-0

[Event "Team 45 45 League T43"]
[Site "Internet Chess Club"]
[Date "2009.12.13"]
[Round "6"]
[White "koni"]
[Black "Egmont"]
[Result "1-0"]
[WhiteElo "2022"]
[BlackElo "1746"]
[Opening "QGD Slav: Czech defense"]
[ECO "D17"]
[Time "14:00:46"]
[TimeControl "2700+45"]

1. Nf3 d5 2. d4 Nf6 3. c4 c6 4. Nc3 dxc4 5. a4 Bf5 6. Nh4 e6 7. Nxf5 exf5 8. e3
Nbd7 9. Bxc4 Nb6 10. Bb3 Be7 11. O-O O-O 12. Qf3 g6 13. h3 Qd6 14. Bd2 Rad8 15.
Rfd1 Nbd5 16. Nxd5 Nxd5 17. a5 Nf6 18. Ra4 Qc7 19. a6 b5 20. Ba5 Qc8 21. Bxd8
bxa4 22. Bxe7 {Black resigns} 1-0

[Event "Team 45 45 League T43"]
[Site "Internet Chess Club"]
[Date "2009.12.04"]
[Round "6"]
[White "BrerRabbit"]
[Black "SneakyRed"]
[Result "0-1"]
[WhiteElo "1557"]
[BlackElo "1818"]
[Opening "English: Caro-Kann defensive system"]
[ECO "A11"]
[Time "10:01:18"]
[TimeControl "2700+45"]

1. c4 c6 2. g3 d5 3. Bg2 Nf6 4. Nf3 dxc4 5. Qc2 b5 6. b3 cxb3 7. axb3 e6 8. Ne5
Bb7 9. O-O Nd5 10. d4 Bd6 11. Ba3 O-O 12. Nd2 Bxa3 13. Rxa3 b4 14. Raa1 Qb6 15.
e3 Rc8 16. Ne4 Ba6 17. Rfc1 Qc7 18. Nc5 Bb5 19. Be4 g6 20. Ned3 a5 21. Na4 Bxa4
22. bxa4 Nc3 23. Bf3 Nd7 24. Qb2 Ra7 25. Nf4 c5 26. Ne2 cxd4 27. Nxd4 Ne5 28.
Nb5 Nxf3+ 29. Kg2 Qb7 30. Nxa7 Ne1+ 31. Kf1 Qh1# {White checkmated} 0-1

[Event "Team 45 45 League T43"]
[Site "Internet Chess Club"]
[Date "2009.12.06"]
[Round "6"]
[White "andrew28"]
[Black "Duguesclin"]
[Result "0-1"]
[WhiteElo "1714"]
[BlackElo "1715"]
[Opening "French: King's Indian attack"]
[ECO "C00"]
[Time "11:56:05"]
[TimeControl "2700+45"]

1. e4 e6 2. d3 d5 3. Nd2 c5 4. Ngf3 Nc6 5. c3 Qb6 6. Be2 Bd6 7. O-O Nf6 8. Re1
O-O 9. Bf1 e5 10. exd5 Nxd5 11. Nc4 Qc7 12. Nxd6 Qxd6 13. c4 Nde7 14. h3 Bf5 15.
Nh4 Rad8 16. Be3 b6 17. Nxf5 Nxf5 18. Qf3 Nxe3 19. Rxe3 Nd4 20. Qd1 f5 21. a4 a5
22. Rc1 Rde8 23. f4 exf4 24. Rxe8 Rxe8 25. Qh5 g6 26. Qd1 f3 27. gxf3 Qg3+ 28.
Bg2 Ne2+ 29. Kf1 Qh2 30. Kf2 Nf4 31. Qg1 Re2+ 32. Kf1 Rxg2 33. Qxh2 Rxh2 34. Kg1
Rxb2 35. Re1 Kf7 {White resigns} 0-1

[Event "Team 45 45 League T43"]
[Site "Internet Chess Club"]
[Date "2009.12.07"]
[Round "6"]
[White "vollmerj"]
[Black "mongmong"]
[Result "1/2-1/2"]
[WhiteElo "1631"]
[BlackElo "1600"]
[Opening "French: Tarrasch, Guimard variation"]
[ECO "C04"]
[Time "19:02:38"]
[TimeControl "2700+45"]

1. e4 e6 2. d4 d5 3. Nd2 Nc6 4. Ngf3 dxe4 5. Nxe4 Be7 6. Bb5 Bd7 7. c3 a6 8. Ba4
Nf6 9. Nxf6+ Bxf6 10. O-O O-O 11. d5 exd5 12. Qxd5 b5 13. Bb3 Ne7 14. Qd1 Bc6
15. Qe2 Re8 16. Be3 Nd5 17. Rad1 Re7 18. Bxd5 Bxd5 19. Qd3 Rd7 20. b3 Bc6 21.
Qc2 Bxf3 22. Rxd7 Qxd7 23. gxf3 Rd8 24. Kh1 c6 25. Rg1 Qd3 26. Qxd3 Rxd3 27. c4
g6 28. cxb5 cxb5 29. Rc1 Rc3 30. Kg2 Rxc1 31. Bxc1 Kf8 32. f4 Ke7 33. Kf3 Ke6
34. Ke4 Bh4 35. f3 f5+ 36. Kd4 Be7 37. h3 Bb4 38. Be3 Kd6 39. Bc1 Bc5+ 40. Kd3
Kd5 41. Bb2 Bd6 42. Bc1 a5 43. Bd2 a4 44. bxa4 bxa4 45. Be3 Bb4 46. Bc1 Be1 47.
Be3 Bg3 48. Kc3 Be1+ 49. Kd3 Bh4 50. Kc3 Be7 51. Kd3 h6 52. Kc3 g5 53. fxg5 hxg5
54. Kd3 Bf6 55. Bd2 g4 56. hxg4 fxg4 57. fxg4 {Game drawn by mutual agreement}
1/2-1/2

[Event "Team 45 45 League T43"]
[Site "Internet Chess Club"]
[Date "2009.12.06"]
[Round "6"]
[White "betto2506"]
[Black "crankn8tr"]
[Result "1-0"]
[WhiteElo "1434"]
[BlackElo "1482"]
[Opening "Sicilian: accelerated fianchetto, modern variation with Bc4"]
[ECO "B35"]
[Time "19:03:21"]
[TimeControl "2700+45"]

1. e4 c5 2. d4 cxd4 3. Nf3 g6 4. Nxd4 Bg7 5. Bc4 Nc6 6. Be3 Nf6 7. Nc3 O-O 8.
Qd2 Ng4 9. O-O-O Nxe3 10. fxe3 Ne5 11. Bb3 Nc6 12. a3 a6 13. h4 h5 14. Kb1 e6
15. Nf3 Ne5 16. Ne2 Ng4 17. Nf4 Qb6 18. Nd4 e5 19. Nd5 Qd8 20. Nf3 b5 21. Ng5
Bb7 22. Rdf1 Nf6 23. Nxf6+ Bxf6 24. Qd6 Bxg5 25. Qxg6+ Kh8 26. Qxh5+ Kg8 27.
hxg5 {Black resigns} 1-0